 Dungeon Crawl Stone Soup version 0.17.0-22-g5edae84 (console) character file.

51789 Kloppie the Severer (level 15, -15/124 HPs)
             Began as a Formicid Fighter on Nov 13, 2015.
             Was the Champion of Makhleb.
             Shot with a bolt by an orc warlord (17 damage)
             ... on level 4 of the Orcish Mines.
             The game lasted 00:49:35 (22107 turns).

Kloppie the Severer (Formicid Fighter)             Turns: 22107, Time: 00:49:35

Health: -15/124    AC: 24    Str: 23    XL:     15   Next: 3%
Magic:  20/20      EV:  9    Int: 10    God:    Makhleb [******]
Gold:   1989       SH: 12    Dex: 14    Spells: 0 memorised, 14 levels left

rFire  + . .     SeeInvis +     a - +6 broad axe (drain)
rCold  . . .     Clarity  +     A - +1 plate armour {rF+}
rNeg   . . .     SustAt   .     c - +0 shield
rPois  .         Gourm    .     (helmet unavailable)
rElec  .         Spirit   .     G - +2 cloak
rCorr  .         Warding  .     F - +0 pair of gloves
rMut   .         Stasis   +     n - +1 pair of boots
MR     +....                    j - amulet of clarity
Stlth  ..........               x - +2 ring of evasion
                                w - ring of flight

@: drained, somewhat resistant to hostile enchantments, extremely unstealthy
A: permanent stasis, dig shafts and tunnels, four strong arms, antennae 3, fangs
1, clever 1
a: Dig, Shaft Self, Minor Destruction, Lesser Servant of Makhleb, Major
Destruction, Greater Servant of Makhleb, Renounce Religion, Evoke Flight


You were on level 4 of the Orcish Mines.
You worshipped Makhleb.
Makhleb was exalted by your worship.
You were not hungry.

You visited 4 branches of the dungeon, and saw 25 of its levels.
You also visited: Labyrinth.

You collected 2366 gold pieces.
You spent 377 gold pieces at shops.

Inventory:

Hand Weapons
 a - a +6 broad axe of draining (weapon)
 b - a +2 war axe of flaming
 z - a +2 battleaxe of freezing
Armour
 c - a +0 shield (worn)
 n - a +1 pair of boots (worn)
 A - a +1 plate armour of fire resistance (worn)
 F - a +0 pair of gloves (worn)
 G - a +2 cloak (worn)
Jewellery
 g - an uncursed amulet of faith
 j - an amulet of clarity (around neck)
 w - a ring of flight (left hand)
 x - a +2 ring of evasion (right hand)
Wands
 k - a wand of paralysis (7)
 y - a wand of draining (0)
 L - a wand of digging (10)
 N - a wand of digging (12)
Scrolls
 h - 3 scrolls of remove curse
 i - a scroll of recharging
 o - 6 scrolls of magic mapping
 p - 4 scrolls of amnesia
 q - 4 scrolls of identify
 u - a scroll of holy word
 B - 4 scrolls of noise
 D - a scroll of silence
Potions
 d - 2 potions of might
 l - 6 potions of curing
 s - 3 potions of brilliance
 E - a potion of flight
 H - 2 potions of lignification
 I - a potion of invisibility
 K - a potion of cancellation
Books
 f - the Incunabulum of Curses
   (You found it in a labyrinth)

   Spells                             Type                      Level
   a - Corona                         Hexes                        1
   b - Slow                           Hexes                        2
   c - Confuse                        Hexes                        3
   d - Spectral Weapon                Hexes/Charms                 3
   e - Fulminant Prism                Conjuration/Hexes            4
   f - Metabolic Englaciation         Hexes/Ice                    5
   g - Darkness                       Hexes                        6
   h - Invisibility                   Hexes                        6
 t - the Grimoire of Good Luck
   (You found it in a labyrinth)

   Spells                             Type                      Level
   a - Song of Slaying                Charms                       2
   b - Shroud of Golubria             Charms/Translocation         2
   c - Repel Missiles                 Charms/Air                   2
   d - Swiftness                      Charms/Air                   2
   e - Regeneration                   Charms/Necromancy            3
   f - Spectral Weapon                Hexes/Charms                 3
   g - Excruciating Wounds            Charms/Necromancy            5
   h - Ring of Flames                 Charms/Fire                  7
 v - the Reference Book on the Mountains
   (You found it on level 10 of the Dungeon)

   Spells                             Type                      Level
   a - Sandblast                      Earth                        1
   b - Stoneskin                      Transmutation/Earth          2
   c - Statue Form                    Transmutation/Earth          6
 M - Naegrukh's Volume of the Mutagenic Rocks
   (You found it in a labyrinth)

   Spells                             Type                      Level
   a - Sandblast                      Earth                        1
   b - Passwall                       Transmutation/Earth          3
   c - Spider Form                    Transmutation/Poison         3
   d - Petrify                        Transmutation/Earth          4
   e - Lee's Rapid Deconstruction     Earth                        5
   f - Iron Shot                      Conjuration/Earth            6
   g - Statue Form                    Transmutation/Earth          6
Comestibles
 e - 11 bread rations
 m - 10 meat rations
 C - a beef jerky
 J - 3 chunks of flesh


   Skills:
 + Level 13.5(13.1) Fighting
 + Level 15.1(14.7) Axes
 + Level 13.6(13.2) Armour
 - Level 9.8(9.5) Shields
 - Level 7.0(6.7) Invocations


You had 14 spell levels left.
You didn't know any spells.

Dungeon Overview and Level Annotations

Branches:
Dungeon (12/15)            Temple (1/1) D:4            Lair (8/8) D:9
  Swamp (0/4) Lair:6       Spider (0/4) Lair:4        Slime (0/6) Lair:8
    Orc (4/4) D:12            Elf (0/3) Orc:3

Altars:
Ashenzari
Cheibriados
Dithmenos
Elyvilon
Fedhas
Gozag
Kikubaaqudgha
Makhleb
Nemelex Xobeh
Okawaru
Qazlal
Ru
Trog
Vehumet
Xom
Yredelemnul
Zin
The Shining One
Beogh

Shops:
D:7 [   D:8 *   D:12 :

Annotations:
Orc:4 Urug


Innate Abilities, Weirdness & Mutations

You are under a permanent stasis effect.
You can dig through walls and to a lower floor.
Your four strong arms can wield two-handed weapons with a shield.
You have a pair of large antennae on your head (SInv).
You have very sharp teeth.
Your mind is acute. (Int +2)


Message History

Makhleb accepts your kill.
You feel better.
You slash the orc knight!
The orc knight is heavily wounded.
The orc knight hits you with a long sword!
* * * LOW HITPOINT WARNING * * *
Read which item? (? for menu, Esc to quit)
As you read the scroll of fear, it crumbles to dust.
You assume a fearsome visage.
The orc knight looks frightened!
The orc sorcerer looks frightened!
The orc warlord easily resists.
The orc warrior looks frightened!
The orc wizard looks frightened!
The orc warlord shoots a bolt.
The bolt hits you!!
* * * LOW HITPOINT WARNING * * *
The orc wizard mumbles some strange words.
The orc wizard blinks!
The orc sorcerer gestures wildly while chanting.
Things that are here:
a club; 17 gold pieces The hellwing gives a chilling moan.
The orc warlord shoots a bolt.
The bolt hits you!
You die...

,,,,,,,,,,,,,,,,,,,,,,.........##
*,,,,,,,,,,......................
***,*,,,*,,#.................#...
,,,,,,**,,,,......$...........#..
,,,,,,,,,,,,........$.....#....<.
,,,*,,,,,**,,..........$#*##.....
,,*,,,,,*,,***#.........###..<..#
***,..,,*,**,∩#..........##.....#
***8...8***,,,#.@.o.....###..#...
,**,....**,,,##)#...().$.(...##..
,,*,....#,,,*#(.)...(.(...).[..##
,,,,......{**##o#o#o#...#....$..#
*,,,.....o######.§...#...#.......
,,,,........8.({)4[.....##....#.#
,,,,........)(...o...........####
,,,,._.......)...#.......#..##
,,,,......o.............###.#*


You could see an orc warlord, an orc knight (frenzied), a hellwing, an orc
sorcerer (frenzied) and 2 orc wizards.

Vanquished Creatures
  An orc warlord (Orc:3)
  A stone giant (Orc:3)
  A minotaur (Lab)
  6 hydras
  A catoblepas (Lair:5)
  An orc high priest (Orc:3)
  Nergalle (D:10)
  An unseen horror (D:12)
  2 orc knights
  4 hill giants
  An ugly thing (D:12)
  A griffon (Lair:7)
  2 orc sorcerers (Orc:3)
  A wolf spider (Lair:4)
  A manticore (D:12)
  4 elephants (Lair:6)
  4 black mambas
  3 cyclopes
  5 gargoyles
  12 spiny frogs
  4 komodo dragons
  A kobold demonologist (D:12)
  3 trolls
  A polar bear (Lair:6)
  A giant leech (Lair:6)
  6 slime creatures
  13 blink frogs
  2 two-headed ogres
  A trapdoor spider (D:9)
  A wraith (D:10)
  26 yaks
  A spriggan (Lair:6)
  A steam dragon (Lair:8)
  A deep elf mage (D:9)
  A basilisk (Lair:6)
  5 hippogriffs
  10 wargs
  A soldier ant (D:12)
  5 swamp worms
  8 porcupines
  8 wolves
  5 water moccasins
  27 orc warriors
  2 ice beasts
  A wasp (D:11)
  2 black bears
  A sky beast (D:11)
  2 necrophages
  12 ogres
  5 phantoms
  2 big kobolds
  9 centaurs
  10 crocodiles
  20 giant frogs
  3 scorpions
  9 killer bees (D:10)
  A quasit (D:8)
  4 crimson imps
  A wasp zombie (D:10)
  A centaur zombie (D:10)
  2 giant frog zombies
  10 wights
  8 jellies
  5 giant frog skeletons
  14 orc priests
  5 hounds
  Jessica (D:3)
  Natasha (twice) (D:3)
  A centaur skeleton (D:9)
  32 orc wizards
  5 worker ants
  2 iguanas
  16 sheep
  3 hound zombies
  2 hound skeletons
  16 adders
  2 shadow imps
  47 river rats
  3 oozes
  20 worms
  3 adder skeletons
  2 adder zombies
  8 giant geckos
  155 orcs
  4 bats
  2 gnoll zombies (D:8)
  8 goblins
  11 hobgoblins
  8 jackals
  17 kobolds
  A ball python (D:1)
  8 giant cockroaches
  A giant gecko skeleton (D:7)
  2 giant newts
  9 quokkas
  A quokka skeleton (D:5)
  13 rats
  A fungus (D:7)
  3 plants
723 creatures vanquished.

Vanquished Creatures (collateral kills)
  2 hydras
  A basilisk (Lair:4)
  A water moccasin (Lair:4)
  6 river rats (Lair:8)
10 creatures vanquished.

Vanquished Creatures (others)
  A blink frog (Lair:8)
  An orc (Orc:4)
  13 fungi
  5 plants
20 creatures vanquished.

Grand Total: 753 creatures vanquished

Notes
Turn   | Place    | Note
--------------------------------------------------------------
     0 | D:1      | Kloppie the Formicid Fighter began the quest for the Orb.
     0 | D:1      | Reached XP level 1. HP: 18/18 MP: 1/1
   309 | D:1      | Reached XP level 2. HP: 22/24 MP: 2/2
   920 | D:2      | Reached XP level 3. HP: 12/29 MP: 3/3
  1268 | D:2      | Reached skill level 4 in Armour
  1506 | D:2      | Reached XP level 4. HP: 37/37 MP: 4/4
  1957 | D:3      | Noticed Natasha
  1965 | D:3      | Killed Natasha
  1965 | D:3      | Reached XP level 5. HP: 37/42 MP: 5/5
  2028 | D:3      | Found a sparkling altar of Nemelex Xobeh.
  2028 | D:3      | Noticed Jessica
  2040 | D:3      | Killed Jessica
  2458 | D:3      | Noticed Natasha
  2470 | D:3      | HP: 1/43 [Natasha/magic dart (5)]
  3115 | D:3      | Killed Natasha
  3120 | D:3      | Reached XP level 6. HP: 29/49 MP: 6/6
  3341 | D:3      | Reached skill level 5 in Armour
  3369 | D:3      | Reached skill level 5 in Fighting
  3647 | D:5      | Entered Level 5 of the Dungeon
  3878 | D:4      | Reached XP level 7. HP: 53/56 MP: 7/7
  3916 | D:4      | Found a sacrificial altar of Ru.
  4091 | D:4      | Found a staircase to the Ecumenical Temple.
  4105 | Temple   | Entered the Ecumenical Temple
  4173 | Temple   | Became a worshipper of Makhleb the Destroyer
  4496 | D:5      | Found a white marble altar of Elyvilon.
  4512 | D:5      | Found an ancient bone altar of Kikubaaqudgha.
  4515 | D:5      | Found a bloodstained altar of Trog.
  4833 | D:5      | Found a shimmering altar of Xom.
  5063 | D:5      | Reached skill level 6 in Fighting
  5114 | D:5      | Reached skill level 5 in Axes
  5114 | D:5      | Reached XP level 8. HP: 35/64 MP: 8/8
  5315 | D:6      | Found an opulent altar of Gozag.
  5529 | D:6      | Found a blossoming altar of Fedhas.
  6233 | D:6      | Reached skill level 7 in Fighting
  6271 | D:6      | Reached * piety under Makhleb
  6489 | D:7      | Found a shadowy altar of Dithmenos.
  6490 | D:7      | Reached XP level 9. HP: 67/72 MP: 9/9
  6533 | D:7      | Found Saen Mef's Antique Armour Shop.
  6544 | D:7      | Bought a spiked chain mail for 247 gold pieces
  6554 | D:7      | Identified the +3 chain mail "Lovageme" {rC- MR++ Int+3} (You bought it in a shop on level 7 of the Dungeon)
  6772 | D:7      | Reached skill level 8 in Fighting
  7102 | D:7      | Found a radiant altar of Vehumet.
  7524 | D:8      | Found Bain's Assorted Antiques.
  7537 | D:8      | Reached ** piety under Makhleb
  7568 | D:8      | Bought a copper ring for 130 gold pieces
  8029 | D:8      | Found a basalt altar of Yredelemnul.
  8203 | D:9      | Reached skill level 9 in Fighting
  8203 | D:9      | Reached XP level 10. HP: 42/83 MP: 10/10
  8220 | D:9      | HP: 1/83 [warg (9)]
  8566 | D:9      | Found a staircase to the Lair.
  8603 | D:9      | Reached *** piety under Makhleb
  8970 | D:9      | Reached skill level 10 in Fighting
  8970 | D:9      | Reached skill level 10 in Armour
  9295 | Lair:1   | Entered Level 1 of the Lair of Beasts
  9295 | Lair:1   | Noticed a spiny frog
  9302 | Lair:1   | Killed a spiny frog
  9308 | Lair:1   | Identified a scroll of acquirement
  9312 | Lair:1   | Gained mutation: You are clumsy. (Dex -2) [potion of mutation]
  9312 | Lair:1   | Gained mutation: You are weak. (Str -2) [potion of mutation]
  9312 | Lair:1   | Gained mutation: Your spells are a little harder to cast, but a little more powerful. [potion of mutation]
  9313 | Lair:1   | Lost mutation: Your spells are a little harder to cast, but a little more powerful. [potion of mutation]
  9313 | Lair:1   | Gained mutation: Armour fits poorly on your strangely shaped body. [potion of mutation]
  9313 | Lair:1   | Lost mutation: You are clumsy. (Dex -2) [potion of mutation]
  9314 | Lair:1   | Gained mutation: Your mind is acute. (Int +2) [potion of mutation]
  9314 | Lair:1   | Gained mutation: You have very sharp teeth. [potion of mutation]
  9314 | Lair:1   | Gained mutation: Your mind is very acute. (Int +4) [potion of mutation]
  9315 | Lair:1   | Lost mutation: Armour fits poorly on your strangely shaped body. [potion of cure mutation]
  9315 | Lair:1   | Lost mutation: You are weak. (Str -2) [potion of cure mutation]
  9315 | Lair:1   | Lost mutation: Your mind is very acute. (Int +4) [potion of cure mutation]
  9465 | Lair:1   | Reached XP level 11. HP: 59/92 MP: 11/11
  9546 | Lair:1   | Reached skill level 1 in Invocations
  9710 | Lair:1   | Noticed a black mamba
  9714 | Lair:1   | Killed a black mamba
  9714 | Lair:1   | Reached **** piety under Makhleb
  9877 | Lair:1   | Got a heavily runed buckler
  9878 | Lair:1   | Identified the cursed +0 buckler of Isuittat {*Contam Dex+6} (You found it on level 1 of the Lair of Beasts)
 10135 | Lair:1   | Noticed a spiny frog
 10139 | Lair:1   | Killed a spiny frog
 10393 | Lair:1   | Reached skill level 10 in Axes
 10522 | Lair:2   | Reached skill level 5 in Invocations
 10545 | Lair:2   | Reached ***** piety under Makhleb
 11419 | Lair:3   | Reached skill level 11 in Axes
 11572 | Lair:3   | Reached XP level 12. HP: 90/99 MP: 17/17
 11612 | Lair:3   | Reached skill level 5 in Shields
 12254 | Lair:4   | Noticed a six-headed hydra
 12270 | Lair:4   | Killed a six-headed hydra
 12294 | Lair:4   | Found a hole to the Spider Nest.
 12391 | Lair:4   | Reached skill level 12 in Axes
 13185 | Lair:5   | Noticed a catoblepas
 13195 | Lair:5   | Killed a catoblepas
 13383 | Lair:5   | Found a radiant altar of Vehumet.
 14031 | Lair:6   | Found a staircase to the Swamp.
 14102 | Lair:6   | Noticed a four-headed hydra
 14117 | Lair:6   | Killed a four-headed hydra
 14295 | Lair:6   | Reached XP level 13. HP: 104/104 MP: 18/18
 14303 | Lair:6   | Reached ****** piety under Makhleb
 14309 | Lair:6   | Reached skill level 13 in Axes
 15292 | Lair:7   | You fall through a shaft!
 15292 | Lair:8   | Entered Level 8 of the Lair of Beasts
 15299 | Lair:8   | Found a staircase to the Slime Pits.
 16670 | D:10     | Entered Level 10 of the Dungeon
 16670 | D:10     | Found a sacrificial altar of Ru.
 16838 | D:10     | Noticed Nergalle
 16847 | D:10     | Killed Nergalle
 17359 | D:10     | Identified the Reference Book on the Mountains
 17722 | D:11     | Reached XP level 14. HP: 115/115 MP: 19/19
 17746 | D:11     | Reached skill level 14 in Axes
 18515 | D:12     | Found Mompirag's Book Emporium.
 18553 | D:12     | Found a staircase to the Orcish Mines.
 19383 | Orc:1    | Entered Level 1 of the Orcish Mines
 19544 | Orc:1    | Found an iron altar of Okawaru.
 19889 | Orc:2    | Found a roughly hewn altar of Beogh.
 20303 | Orc:3    | Found a staircase to the Elven Halls.
 20388 | Orc:3    | Noticed an orc warlord
 20420 | Orc:3    | Killed an orc warlord
 20583 | Orc:3    | Noticed a stone giant
 20601 | Orc:3    | Killed a stone giant
 21086 | Orc:4    | Entered Level 4 of the Orcish Mines
 21114 | Orc:4    | Noticed an orc warlord
 21606 | Orc:4    | Found a labyrinth entrance.
 21618 | Lab      | Entered a labyrinth
 21671 | Lab      | Reached skill level 15 in Axes
 21785 | Lab      | Identified the Incunabulum of Curses
 21810 | Lab      | Identified the Grimoire of Good Luck
 21813 | Lab      | Identified Naegrukh's Volume of the Mutagenic Rocks
 22060 | Orc:4    | Reached XP level 15. HP: 124/124 MP: 20/20
 22074 | Orc:4    | Noticed Urug
 22074 | Orc:4    | Found a roughly hewn altar of Beogh.
 22105 | Orc:4    | HP: 1/124 [orc warlord/bolt (20)]
 22107 | Orc:4    | Shot with a bolt by an orc warlord

Action                   |  1- 3 |  4- 6 |  7- 9 | 10-12 | 13-15 || total
-------------------------+-------+-------+-------+-------+-------++-------
Melee: War axe           |   132 |   160 |   205 |       |       ||   497
       Battleaxe         |       |       |   183 |   113 |       ||   296
       Broad axe         |       |       |       |   384 |   899 ||  1283
Invok: Lesser Servant of |       |       |       |     6 |     3 ||     9
       Minor Destruction |       |       |       |     3 |    53 ||    56
       Major Destruction |       |       |       |       |     2 ||     2
Evoke: Wand              |       |       |     2 |       |     3 ||     5
  Use: Scroll            |       |       |    17 |     9 |    12 ||    38
       Potion            |       |       |       |     8 |     8 ||    16
  Eat: Chunk             |     2 |     4 |    13 |    20 |    28 ||    67
       Bread ration      |       |     1 |       |       |       ||     1
       Fruit             |       |       |       |     2 |       ||     2
